Cogmind - Beta 13 @@@ ROGUE MODE // 2024.04.08 @ 19:48:49 Player: chexo4 Result: Self-destructed Performance ------------- Evolutions (1) 500 Regions Visited (4) 800 Robots Destroyed (17) 85 Value Destroyed (210) 210 Prototype IDs (1) 20 Alien Tech Used (0) 0 Bonus (0) 0 TOTAL SCORE: 1615 Bonus ------- None Cogmind --------- Core Integrity 58/400 Matter 259/300 Energy 65/100 System Corruption 5% Temperature Cool (6) Movement Core (200) Ox3 Location -9/Mines Parts ------- > --- POWER (1) -------- (None) > --- PROPULSION (3) --- (None) > --- UTILITY (3) ------ Medium Storage Unit > --- WEAPON (2) ------- (None) > --- INVENTORY (10) --- Medium Battery (150) Compact Matter Pod (150) Experimental Sensor Array Peak State ------------ > --- POWER ------------ Light Ion Engine > --- PROPULSION ------- Wheel Compact Wheel > --- UTILITY ---------- Medium Storage Unit Experimental Sensor Array Signal Interpreter > --- WEAPON ----------- Assault Rifle Shotgun > --- INVENTORY -------- Light Ion Engine Wheel Medium Battery Compact Matter Pod Seismic Detector Light Armor Plating Assault Rifle Grenade Launcher Mining Laser Mining Laser [Rating: 18] Favorites ----------- Power Light Ion Engine Engine Light Ion Engine Propulsion Compact Wheel Wheel Compact Wheel Utility Medium Storage Unit Device Seismic Detector Storage Medium Storage Unit Processor Signal Interpreter Weapon Assault Rifle Ballistic Gun Assault Rifle Launcher Grenade Launcher Special Weapon Mining Laser Build | -11 -10 -10 -9 -9 ------- Run | Yrd Mat Min Mat Min Slots Evolved 2 | . . . 2 . Power . | . . . . . Propulsion 1 | . . . 1 . Utility 1 | . . . 1 . Weapon . | . . . . . Parts Attached 29 | 9 8 2 5 5 Power 2 | 1 . . 1 . Engine 2 | 1 . . 1 . Core . | . . . . . Reactor . | . . . . . Propulsion 6 | 4 1 . . 1 Treads . | . . . . . Leg . | . . . . . Wheel 6 | 4 1 . . 1 Hover . | . . . . . Flight . | . . . . . Utility 11 | 2 3 2 3 1 Device 5 | 1 . 2 2 . Storage 5 | 1 3 . . 1 Processor 1 | . . . 1 . Hackware . | . . . . . Protection . | . . . . . Artifact . | . . . . . Weapon 10 | 2 4 . 1 3 Energy Gun . | . . . . . Energy Cannon . | . . . . . Ballistic Gun 5 | 2 2 . 1 . Ballistic Cannon . | . . . . . Launcher 2 | . . . . 2 Special Weapon 3 | . 2 . . 1 Impact Weapon . | . . . . . Slashing Weapon . | . . . . . Piercing Weapon . | . . . . . Special Melee Weapon . | . . . . . Unidentified Prototypes 1 | . . 1 . . Parts Lost 12 | . 1 . 2 9 Power 2 | . . . 1 1 Propulsion 3 | . 1 . . 2 Utility 2 | . . . . 2 Weapon 5 | . . . 1 4 Highest Loss Streak 9 | . 1 . 2 9 To Critical Strikes . | . . . . . Average Slot Usage (%) 80 | . 99 100 86 14 Engine 10 | . 14 14 11 . Wheel 21 | . 27 28 22 . Device 10 | . 14 14 11 . Storage 12 | . 14 14 11 10 Processor 1 | . . . 11 . Ballistic Gun 21 | . 26 28 20 . Naked Turns 9 | . . . . 9 Heaviest Build 28 | 13 28 18 19 21 Greatest Support 36 | 32 32 26 26 36 Greatest Overweight (x) 4 | . 1 . . 4 Average Overweight (x) . | . . . . 2 Largest Inventory Capacity 15 | 8 15 10 10 10 Average Capacity 10 | 7 11 10 10 9 Most Carried 10 | 6 9 10 10 8 Average Carried 7 | 3 6 9 8 4 Final Capacity 10 | 8 10 10 10 10 Final Carried 10 | 5 9 10 9 3 Class Distribution -------------------- 100% | Mutant Dominant Class ---------------- Mutant | -10/Materials Mutant | -10/Mines Mutant | -9/Materials Mutant | -9/Mines Resources | -11 -10 -10 -9 -9 ----------- Run | Yrd Mat Min Mat Min Matter Collected 642 | 349 43 173 57 20 Remotely . | . . . . . Salvage Created 401 | 165 76 52 57 51 Parts 36 | 14 8 5 4 5 Haulers Intercepted . | . . . . . Recyclers Shooed . | . . . . . Parts Field Recycled . | . . . . . Retrieved Matter . | . . . . . Parts Self-Destructed . | . . . . . Prevented . | . . . . . Kills | -11 -10 -10 -9 -9 ------- Run | Yrd Mat Min Mat Min Combat Hostiles Destroyed 13 | . 4 3 1 5 Guns 8 | . 4 3 1 . AOE 5 | . . . . 5 Classes Destroyed 6 | 2 2 . 1 1 Tunneler 5 | 4 . . . 1 Recycler 1 | 1 . . . . Swarmer 9 | . 3 3 . 3 Grunt 1 | . 1 . . . Sentry 1 | . . . 1 . Assembled 2 | . . . . 2 Best Kill Streak 4 | 2 3 3 1 4 Combat Bots Only 3 | . 3 3 1 3 Max Kills in Single Turn 4 | 1 2 1 1 4 Gunslinging 1 | . 1 . . . Exploded 3 | . . . . 3 Melee . | . . . . . Uniques/NPCs Destroyed . | . . . . . Combat | -11 -10 -10 -9 -9 -------- Run | Yrd Mat Min Mat Min Hostile Shots Fired 117 | . 22 26 13 56 Missed 31 | . 8 9 1 13 Damage Taken 1230 | . 118 166 168 778 Core 431 | . 33 56 30 312 Absorbed by Shields . | . . . . . Core Remaining (%) 82 | 100 . 64 . . Volleys Fired 42 | 14 14 8 2 4 Largest 2 | 2 2 2 2 2 Hottest 100 | 40 100 40 43 100 Shots Fired 76 | 28 23 16 4 5 Gun 67 | 28 18 16 4 1 Cannon . | . . . . . Launcher 3 | . . . . 3 Special 6 | . 5 . . 1 Kinetic 67 | 28 18 16 4 1 Thermal 6 | . 5 . . 1 Explosive 3 | . . . . 3 Electromagnetic . | . . . . . Robot Hit Streak 5 | 3 5 2 3 4 Robot Miss Streak 3 | 3 2 3 1 1 Penetration Max . | . . . . . Secondary Targets 1 | . 1 . . . Max Gunslinging Chain 1 | . 1 . . . Shots Hit Robots 40 | 13 12 7 3 5 Core Hits 25 | 6 4 3 3 9 Critical Kills . | . . . . . Critical Parts Destroyed 1 | 1 . . . . Critical Strikes 1 | 1 . . . . Destroy 1 | 1 . . . . Melee Attacks . | . . . . . Impact . | . . . . . Slashing . | . . . . . Piercing . | . . . . . Sneak Attacks . | . . . . . Combat Hostiles . | . . . . . Follow-up Attacks . | . . . . . Damage Inflicted 859 | 155 142 108 40 414 Guns 454 | 155 142 108 40 9 Cannons . | . . . . . Explosions 372 | . . . . 372 Melee . | . . . . . Ramming 9 | . . . . 9 Kinetic 454 | 155 142 108 40 9 Thermal 24 | . . . . 24 Explosive 372 | . . . . 372 Electromagnetic . | . . . . . Impact . | . . . . . Slashing . | . . . . . Piercing . | . . . . . Highest Corruption 5 | . . . . 5 Average Corruption 5 | . . . . 5 Corruption Purged . | . . . . . Corruption Blocked . | . . . . . Effects 7 | . . . . 7 Message Errors 3 | . . . . 3 Matter Fused 3 | . . . . 3 Energy Discharges 1 | . . . . 1 Overload Shots . | . . . . . Overflow Damage 10 | . . . . 10 Projectiles . | . . . . . Explosions 10 | . . . . 10 Melee . | . . . . . Knockbacks . | . . . . . Impact . | . . . . . Kinetic . | . . . . . Secondary . | . . . . . Self-Inflicted Damage 92 | . . . . 92 Shots 3 | . . . . 3 Rammed 4 | . . . . 4 Targets Rammed 4 | . . . . 4 Kicked . | . . . . . Crushed . | . . . . . Highest Temperature 60 | . 60 . . 15 Average Temperature 22 | . 25 . . 9 Received Heat Transfer 304 | . 18 36 57 193 Siege Activations . | . . . . . Robots Corrupted . | . . . . . Combat Hostiles . | . . . . . Parts Fried . | . . . . . Impact Corruptions . | . . . . . Robots Melted . | . . . . . Combat Hostiles . | . . . . . Parts Melted . | . . . . . Heat Transferred 50 | . . . . 50 Parts Sabotaged . | . . . . . Parts Stolen . | . . . . . Parts Stripped . | . . . . . Power Chain Reactions . | . . . . . Alert | -11 -10 -10 -9 -9 ------- Run | Yrd Mat Min Mat Min Peak Influence 149 | 25 149 127 66 82 Initial 57 | . 16 57 . 17 Average 53 | 10 94 68 26 9 Maximum Alert Level . | . . . . . Low Security (%) 100 | 100 100 100 100 100 Level 1 . | . . . . . Level 2 . | . . . . . Level 3 . | . . . . . Level 4 . | . . . . . Level 5 . | . . . . . High Security . | . . . . . Max Security . | . . . . . Squads Dispatched 1 | . 1 . . . Investigation . | . . . . . Extermination . | . . . . . Reinforcement 1 | . 1 . . . Assault . | . . . . . Garrison . | . . . . . Intercept . | . . . . . Searches Triggered . | . . . . . Construction Impeded . | . . . . . Haulers Reinforced . | . . . . . Active Scanning Responses . | . . . . . Cargo Convoy Interrupts . | . . . . . Stealth | -11 -10 -10 -9 -9 --------- Run | Yrd Mat Min Mat Min Distress Signals . | . . . . . Communications Jammed . | . . . . . Distress Signals . | . . . . . Times Spotted 36 | . 7 4 4 21 Peak Tracking Total 13 | . 4 2 3 13 Tactical Retreats 1 | . 1 . . . Traps | -11 -10 -10 -9 -9 ------- Run | Yrd Mat Min Mat Min Traps Triggered . | . . . . . Indirectly . | . . . . . Trap Hack Attempts . | . . . . . Triggered . | . . . . . Disarmed . | . . . . . Reprogrammed . | . . . . . Reused . | . . . . . Traps Extracted . | . . . . . Installed . | . . . . . Triggered . | . . . . . Machines | -11 -10 -10 -9 -9 ---------- Run | Yrd Mat Min Mat Min Machines Disabled . | . . . . . Max in Single Turn . | . . . . . Machines Repaired . | . . . . . Machines Dismantled . | . . . . . Machines Sabotaged . | . . . . . Overloaded Fab Kills . | . . . . . Hacking | -11 -10 -10 -9 -9 --------- Run | Yrd Mat Min Mat Min Machines Accessed 4 | . 2 . 2 . Terminals 4 | . 2 . 2 . Fabricators . | . . . . . Repair Stations . | . . . . . Recycling Units . | . . . . . Scanalyzers . | . . . . . Garrison Access . | . . . . . Total Hacks 9 | . 6 . 3 . Successful 5 | . 4 . 1 . Failed 4 | . 2 . 2 . Catastrophic 1 | . . . 1 . Database Lockouts . | . . . . . Manual 5 | . 2 . 3 . Terminals 9 | . 6 . 3 . Fabricators . | . . . . . Repair Stations . | . . . . . Recycling Units . | . . . . . Scanalyzers . | . . . . . Garrison Access . | . . . . . Terminal Hacks 5 | . 4 . 1 . Branch Access Points 1 | . 1 . . . Terminal Index 2 | . 1 . 1 . Locate Traps 1 | . 1 . . . Zone Layout 1 | . 1 . . . Fabricator Hacks . | . . . . . Repair Station Hacks . | . . . . . Recycling Unit Hacks . | . . . . . Scanalyzer . | . . . . . Garrison Access Hacks . | . . . . . Unauthorized Hacks . | . . . . . Terminals . | . . . . . Fabricators . | . . . . . Repair Stations . | . . . . . Recycling Units . | . . . . . Scanalyzers . | . . . . . Garrison Access . | . . . . . Data Cores Recovered . | . . . . . Used . | . . . . . Hacking Detections 4 | . 2 . 2 . Full Trace Events 1 | . 1 . . . Feedback Events . | . . . . . Feedback Blocked . | . . . . . Robot Schematics Acquired . | . . . . . Robots Built . | . . . . . Authchips . | . . . . . Time . | . . . . . Total Robot Build Rating . | . . . . . Part Schematics Acquired . | . . . . . Parts Built . | . . . . . Authchips . | . . . . . Time . | . . . . . Total Part Build Rating . | . . . . . Parts Repaired . | . . . . . Time . | . . . . . Parts Recycled . | . . . . . Recycled Matter . | . . . . . Retrieved Matter . | . . . . . Retrieved Components . | . . . . . Parts Scanalyzed . | . . . . . Part Schematics Acquired . | . . . . . Parts Damaged . | . . . . . Bothacking | -11 -10 -10 -9 -9 ------------ Run | Yrd Mat Min Mat Min Used RIF Installer . | . . . . . Robots Hacked . | . . . . . Non-combat . | . . . . . Combat . | . . . . . Robot Hacks Applied . | . . . . . Relay Couplers Released . | . . . . . Fabnet Peak Effective % . | . . . . . Robots Rewired . | . . . . . Allies Hacked . | . . . . . Hacks Repelled . | . . . . . Allies | -11 -10 -10 -9 -9 -------- Run | Yrd Mat Min Mat Min Total Allies . | . . . . . Largest Group . | . . . . . Highest-Rated Group . | . . . . . Highest-Rated Ally . | . . . . . Total Orders . | . . . . . Ally Attacks . | . . . . . Total Damage . | . . . . . Kills . | . . . . . Allies Corrupted . | . . . . . Allies Melted . | . . . . . Intel | -11 -10 -10 -9 -9 ------- Run | Yrd Mat Min Mat Min Robot Analysis Total . | . . . . . Derelict Logs Recovered 2 | . . 2 . . Drone Launches . | . . . . . Drone Recoveries . | . . . . . Exploration | -11 -10 -10 -9 -9 ------------- Run | Yrd Mat Min Mat Min Turns Passed 1819 | 162 390 732 185 350 Spaces Moved 1408 | 110 248 727 165 158 Core 163 | 10 . . . 153 Treads . | . . . . . Legs . | . . . . . Wheels 1245 | 100 248 727 165 5 Hover . | . . . . . Flight . | . . . . . Fastest Speed 50 | 50 90 90 90 50 Average Speed 102 | 88 93 90 90 199 Slowest Speed 250 | 100 115 90 90 250 Overloaded Moves . | . . . . . Propulsion Burnouts . | . . . . . Robots Hopped . | . . . . . Cave-ins Triggered . | . . . . . Exploration Rate (%) 39 | 6 39 98 16 40 Regions Visited 4 Branch Regions 2 Pre-discovered Areas 1 | . . 1 . . Known Exits Taken 2 | . 1 . 1 . Unknown Exits Taken 2 | 1 . 1 . . Scrap Searched 1 | . . 1 . . Spaces Dug 5 | . 5 . . . Terrain Destroyed 22 | . 5 . . 17 Melee . | . . . . . Projectile 5 | . 5 . . . AOE 17 | . . . . 17 Terrain Rammed . | . . . . . Walls Destroyed . | . . . . . Machines Disabled . | . . . . . Actions | -11 -10 -10 -9 -9 --------- Run | Yrd Mat Min Mat Min Total 1686 | 146 369 790 196 185 Wait 168 | . 93 45 22 8 Move 1404 | 109 247 726 164 158 Hop . | . . . . . Pick Up 26 | 13 6 5 2 . Fast Attach 1 | . . . . 1 Attach 15 | 7 1 1 2 4 Detach . | . . . . . Swap 13 | 2 7 1 3 . Drop 7 | 1 1 4 1 . Fire 42 | 14 14 8 2 4 Melee . | . . . . . Ram 4 | . . . . 4 Kick . | . . . . . Crush . | . . . . . Escape Stasis . | . . . . . Rewire 6 | . . . . 6 Trap . | . . . . . Miscellaneous . | . . . . . Route ------- -11/Scrapyard -10/Materials (discovered 2 exits: *Mat / *Min) -10/Mines (discovered 2 exits: *Mat x2) -9/Materials (discovered 2 exits: *Min / Sto) -9/Mines History --------- Turn | Location | Event 14 | -11/Scrapyard | Discovered new exit (range 16) 163 | -11/Scrapyard | Entered Materials 204 | -10/Materials | Identified exit to Mines 341 | -10/Materials | Build established: Mutant 383 | -10/Materials | Discovered new exit (range 12) 553 | -10/Materials | Entered Mines 598 | -10/Mines | Discovered new exit (range 10) 669 | -10/Mines | Found a damaged Exp. Sensor Array with a note attached 671 | -10/Mines | Found Prototype Device 672 | -10/Mines | Identified Exp. Sensor Array 677 | -10/Mines | Learned Materials trap positions 763 | -10/Mines | Discovered new exit (range 9) 791 | -10/Mines | YI-UF0 nonchalantly dropped a Grenade Launcher on the ground 884 | -10/Mines | Learned location of Storage (-9) 965 | -10/Mines | Found a hidden stash of uninstalled traps 1285 | -10/Mines | Entered Materials 1285 | -9/Materials | Evolved 2 slots: Propulsion x1, Utility x1 1286 | -9/Materials | Identified exit to Storage 1287 | -9/Materials | Loaded intel: 18 trap records 1451 | -9/Materials | Discovered new exit (range 13) 1469 | -9/Materials | Identified exit to Mines 1470 | -9/Materials | Entered Mines 1471 | -9/Mines | Assembled infested the area 1480 | -9/Mines | Met a Derelict bent on vengeance 1483 | -9/Mines | Met 8R-AWN 1485 | -9/Mines | Released all parts (2) 1488 | -9/Mines | Core integrity fell below 50% 1515 | -9/Mines | Lost 9 parts (2p2n2u3w) 1819 | -9/Mines | Core integrity fell below 20% 1820 | -9/Mines | Self-destructed Last Messages --------------- System corrupted: Energy discharge (-40). The unstable cave ceiling collapses. U-05 Engineer builds a Wall. U-05 Engineer lays Concrete. System corrupted: Matter fused (-5). U-05 Engineer lays Concrete. KXOU:MX#YPHAL1=MTR NVT4L W8 K-01 Serf collects debris. S-10 Pest destroyed. R-06 Scavenger collects Flight Unit. S-10 Pest destroyed. Destroyed Lgt. Ion Engine. S-10 Pest destroyed. T-07 Excavator destroyed. K-01 Serf collects debris. Grenade Launcher destroyed. K-01 Serf collects debris. Mining Laser destroyed. System corrupted: Matter fused (-6). K-01 Serf collects debris. Map ----- +----------------------------------------------------+ | ##???????????????????????????????????????????? | | " #???????????????????????????????????????????? | | #??????########### """?????????????????????? | | #######?# """?????????????????????? | | ## ### ## ###### """?????????????????????? | | ### ## #???????????????????????????????? | | ##?# ## #???????????????????????????????? | | ##??#### ##### #???????????????????????????????? | | #?????## ##### #???????????????????????????????? | | #????## #???????????????????????????????? | | ###### #### #???????????????????????????????? | | # #??# ####????????????????????????????? | | # ##### ##??# #????????????????????????????? | | # #### #???#### #????????????????????????????? | | # ##?####??????# #??????????####??????????????? | | #???????????# #?????????# #??????????????? | | # % ##??########## ###??????# #??????????????? | | # #??# ##????# #??????????????? | | # ## #?# ###?# #???????????????? | | ##### ##### = ## ########?????????? | | #???## %%k # ??????????? | | #????## [[ | $#???????????? | | #######?????# #?????????????????? | | #???????????# #?????????????????? | | ##???????????##### #?????????????????? | | ##????????????????# @l ##?????????????????? | | #????????????????# #??????????????????? | | ?????????????? #?????????????????? | | ????????????# #?????????????????? | | ???????????#$ ### g#?????????????????? | | ?????????? ??## ????????????????? | | # ??????? ????# ???????????????? | | #^ ??????#####?????## ####??????????????? | | ##????????????????# ##?????????????????? | | # #####?????????????????? #??????????????????? | | ??????????????????????? #??????????????????? | | ?#??????????????????????? ##??????????????????? | | ????????????????????????? ##???????????????????? | | ?????????????????????????X #????????????????????? | | ????????????????????????? #????????????????????? | | ?????????????????????????? ?????????????????????? | | ?????????????????????????????????????????????????? | | ?????????????????????????????????????????????????? | | ?????????????????????????????????????????????????? | | ?????????????????????????????????????????????????? | | ?????????????????????????????????????????????????? | | ?????????????????????????????????????????????????? | | ?????????????????????????????????????????????????? | | ?????????????????????????????????????????????????? | | ?????????????????????????????????????????????????? | +----------------------------------------------------+ Best States ------------- Heat Dissipation 28 Energy Generation 10 Energy Capacity 125 Matter Stores 300 Matter Capacity 300 Sight Range 16 Robot Scan Range 20 Terrain Scan Density 10 Evasion (%) 50 Item Schematics ----------------- None Robot Schematics ------------------ None Fabricated ------------ Nothing Alien Tech Used ----------------- None Achievements -------------- None Challenges ------------ None Game ------ Seed GodSensorPropulsion Manual? 0 Play Time 00:16:53 Cumulative 16.6 hours Start 2024.04.08 @ 19:34:08 End 2024.04.08 @ 19:48:49 Sessions 1 Manual Loads 0 Difficulty Rogue Special Mode None Game No. 48 Rogue 48 Adventurer 0 Explorer 0 Win Type - Total 0 Types 0/0/0/0/0/0/0/0/0 Lore% 17 Gallery% 26 Achievement% 21 Wizard Run 0 Options --------- Layout 1 ASCII 0 Keyboard 0 Movement Arrows Keybinds 0 Fullscreen 2 Font 24/Smallcaps Map View 50x35 Zoom Use 0% Tactical HUD 0 Map Filters NONE Filters NONE Steam 1 RUN: 8db2fe88-7b75-4eda-b702-7e3f048abb46